 Dungeon Crawl Stone Soup version 0.27.1-2-g3b301248ec (webtiles) character file.

Game seed: 962847492435826158

55287 pkoi the Fencer (level 14, -6/129 HPs)
             Began as a Minotaur Gladiator on Sept 28, 2021.
             Was the Champion of Okawaru.
             Mangled by a komodo dragon (42 damage)
             ... on level 6 of the Lair of Beasts.
             The game lasted 00:23:51 (20010 turns).

pkoi the Fencer (Minotaur Gladiator)               Turns: 20010, Time: 00:23:52

Health: -6/129     AC: 29    Str: 30    XL:     14   Next: 37%
Magic:  0/19       EV: 17    Int:  5    God:    Okawaru [******]
Gold:   1232       SH:  0    Dex: 18    Spells: 13/13 levels left

rFire    . . .     SeeInvis .   a - +2 great sword (freeze)
rCold    . . .     Faith    .   (shield currently unavailable)
rNeg     . . .     Spirit   +   C - +3 plate armour {rPois}
rPois    +         Reflect  .   c - +1 hat
rElec    .         Harm     .   p - +0 cloak
rCorr    .         Rampage  .   O - +0 pair of gloves of Bitterness {Dex+4}
Will     ++...                  E - +2 pair of boots
Stlth    ..........             y - amulet "Kagochy" {Spirit Dex+2 Stlth+}
HPRegen  0.31/turn              v - +6 ring of strength
MPRegen  0.16/turn              F - ring of willpower

@: lethally poisoned (-6 -> -10), sleeping, heroic, finesse-ful
A: horns 2, retaliatory headbutt
a: Renounce Religion, Heroism, Finesse


You were on level 6 of the Lair of Beasts.
You worshipped Okawaru.
Okawaru was exalted by your worship.
You visited 3 branches of the dungeon, and saw 17 of its levels.

You collected 1587 gold pieces.
You spent 355 gold pieces at shops.

Inventory:

Hand Weapons
 a - a +2 great sword of freezing (weapon)
 b - a +0 triple crossbow of flaming
 H - a +2 great sword of flaming
Missiles
 d - a throwing net (quivered)
 u - 225 bolts
Armour
 c - a +1 hat (worn)
 p - a +0 cloak (worn)
 C - a +3 plate armour of poison resistance (worn)
 E - a +2 pair of boots (worn)
 O - the +0 pair of gloves of Bitterness (worn) {Dex+4}
   (Okawaru gifted it to you on level 3 of the Lair of Beasts)

   Dex:       It affects your dexterity (+4).
Jewellery
 f - a ring of magical power
 h - a ring of see invisible
 v - a +6 ring of strength (left hand)
 y - the amulet "Kagochy" (around neck) {Spirit Dex+2 Stlth+}
   (You acquired it on level 9 of the Dungeon)

   [amulet of guardian spirit]

   It causes incoming damage to be divided between your reserves of health and
   magic.
   Dex:       It affects your dexterity (+2).
   Stlth:     It makes you more stealthy.
 F - a ring of willpower (right hand)
Wands
 o - a wand of polymorph (29)
 q - a wand of flame (32)
 t - a wand of paralysis (33)
 A - a wand of digging (10)
 D - a wand of acid (15)
 K - a wand of mindburst (10)
Scrolls
 j - 7 scrolls of teleportation
 l - 4 scrolls of magic mapping
 n - 3 scrolls of vulnerability
 r - 4 scrolls of enchant armour
 s - 4 scrolls of enchant weapon
 G - a scroll of amnesia
 J - a scroll of blinking
 L - 2 scrolls of silence
 M - a scroll of fog
Potions
 e - 5 potions of curing
 g - 4 potions of heal wounds
 i - 2 potions of might
 k - 4 potions of cancellation
 m - 6 potions of lignification
 w - a potion of mutation
 x - 2 potions of attraction
 z - 4 potions of flight
 B - a potion of magic
 N - a potion of resistance
 P - a potion of brilliance
Miscellaneous
 I - a phantom mirror


   Skills:
 + Level 13.3(18.3) Fighting
 + Level 17.6(22.6) Long Blades
 + Level 11.0(16.0) Crossbows
 - Level 2.0(7.0) Throwing
 + Level 13.2(18.2) Armour
 + Level 10.5(15.5) Dodging
 - Level 9.0 Invocations


You had 13 spell levels left.
You didn't know any spells.
Your spell library contained the following spells:

 Spells                   Type           Power      Damage    Failure   Level
 Freeze                   Ice            0%         1d3       94%         1
 Pain                     Necr           0%         1d4       94%         1
 Summon Small Mammal      Summ           0%         N/A       94%         1
 Corpse Rot               Necr/Air       N/A        N/A       98%         2
 Call Canine Familiar     Summ           0%         N/A       100%        3
 Frozen Ramparts          Ice            0%         1d2       100%        3
 Inner Flame              Hex/Fire       0%         N/A       100%        3
 Summon Guardian Golem    Hex/Summ       0%         N/A       100%        3
 Cause Fear               Hex            0%         N/A       100%        4
 Dispel Undead            Necr           0%         3d6       100%        4
 Hailstorm                Conj/Ice       0%         3d3       100%        4
 Ice Form                 Ice/Tmut       0%         N/A       100%        4
 Passage of Golubria      Tloc           N/A        N/A       100%        4
 Summon Ice Beast         Ice/Summ       0%         N/A       100%        4
 Agony                    Necr           0%         N/A       100%        5
 Excruciating Wounds      Necr           0%         N/A       100%        5
 Silence                  Hex/Air        0%         N/A       100%        5
 Summon Mana Viper        Hex/Summ       0%         N/A       100%        5
 Death Channel            Necr           0%         N/A       100%        6
 Malign Gateway           Summ/Tloc      0%         N/A       100%        7
 Monstrous Menagerie      Summ           0%         N/A       100%        7
 Borgnjor's Revivificati  Necr           0%         N/A       100%        8
 Discord                  Hex            0%         N/A       100%        8
 Lehudib's Crystal Spear  Conj/Erth      0%         10d2      100%        8
 Necromutation            Tmut/Necr      0%         N/A       100%        8
 Summon Horrible Things   Summ           0%         N/A       100%        8
 Death's Door             Necr           0%         N/A       100%        9


Dungeon Overview and Level Annotations

Branches:
Dungeon (10/15)            Temple (1/1) D:4            Lair (6/6) D:10
  Swamp (0/4) Lair:3        Snake (0/4) Lair:2        Slime (0/5) Lair:5
    Orc (0/2) D:10

Altars:
Ashenzari
Cheibriados
Dithmenos
Elyvilon
Fedhas
Gozag
Hepliaklqana
Kikubaaqudgha
Makhleb
Nemelex Xobeh
Okawaru
Qazlal
Ru
Sif Muna
Trog
Uskayaw
Vehumet
Wu Jian
Xom
Yredelemnul
Zin
The Shining One

Shops:
D:6 (   D:10 (

Annotations:
Lair:3 exclusion: 4 oklob plants
Lair:5 4 runed translucent doors, Ypehuijo's ghost, journeyman OpFi


Innate Abilities, Weirdness & Mutations

You have a pair of horns on your head.
You reflexively headbutt those who attack you in melee.


Message History

You headbutt the yak.
The yak is almost dead.
The rime drake barely misses you. You furiously retaliate!
You headbutt the rime drake.
You hear a bleat!
You feel very sick.
Things that are here:
a yak corpse; a cane toad corpse; a yak corpse Unknown command.
You feel very sick.
Unknown command.
You feel more confident with your borrowed prowess.
You feel very sick. The cane toad barely misses you. You furiously retaliate!
You headbutt the cane toad.
The cane toad stings you but does no damage.
You can now deal lightning-fast blows.
You feel sick. The cane toad closely misses you. You furiously retaliate!
You headbutt the cane toad.
Unknown command.
You barely miss the cane toad. Your headbutt misses the cane toad.
The cane toad is moderately wounded.
You feel sick.
Unknown command.
The dream sheep bleats!
You slice the cane toad!!
The cane toad seems to slow down.
You freeze the cane toad.
You kill the cane toad!
Okawaru accepts your kill.
You feel sick.
You have finished your manual of Long Blades and toss it away.
You slice the komodo dragon!! You freeze the komodo dragon.
You headbutt the komodo dragon!
The komodo dragon is almost dead.
You feel sick.
The dream sheep are wreathed in dream dust.
You feel drowsy...
You fall asleep.
You feel sick. The komodo dragon barely misses you.
You feel sick. The komodo dragon bites you!!!
You die...

#.P.P...###
###..............##
##......#.# #.#..............#
##.......# #...............##
#........## ##.......Y......#
#P........# #P.....Y.......##
..........####.##.Y.......##
....†.......####k#YY......##
.##........## ##l#....##..#
.##.........# #@###########
.#....÷.....## ###
P#....÷[.....### .##
≈..............# #...
≈..............## #...##
............÷...## ### #P....#
............÷<...# #.##.....#
P...........÷...####.......###
≈..........)......#..........#


You could see a komodo dragon, a yak and 4 dream sheep.

Vanquished Creatures
  Rupert (Lair:3)
  2 boulder beetles
  7 hydras
  A catoblepas (Lair:6)
  A two-headed ogre (D:9)
  5 death yaks
  A manticore (D:9)
  15 elephants
  8 black mambas
  20 cane toads
  2 torpor snails (Lair:6)
  4 rime drakes
  7 komodo dragons
  A queen bee (Lair:3)
  2 polar bears (Lair:6)
  4 slime creatures (Lair:5)
  A hornet (D:7)
  7 dream sheep (Lair:5)
  17 blink frogs
  7 wyverns
  3 basilisks (Lair:3)
  48 yaks
  2 steam dragons
  4 vampire mosquitoes (D:9)
  6 nagas (Lair:2)
  20 water moccasins
  6 orc warriors
  3 sky beasts
  2 ice beasts (D:8)
  2 black bears
  4 ogres
  3 necrophages (D:5)
  22 wolves
  4 centaurs
  3 phantoms
  2 kobold brigands
  8 bullfrogs
  2 scorpions
  A wyvern zombie (D:5)
  A water moccasin skeleton (D:4)
  5 wights
  35 killer bees
  2 howler monkeys
  A bullfrog zombie (D:5)
  A human zombie (D:5)
  3 centaur zombies
  2 hounds
  A jelly (D:6)
  6 orc priests
  An iron imp (D:8)
  Jessica (D:2)
  5 iguanas
  15 orc wizards
  2 hound zombies (D:5)
  3 mummies (D:5)
  A howler monkey skeleton (D:6)
  11 adders
  4 white imps
  An adder zombie (D:5)
  3 dart slugs
  2 worms (D:3)
  43 orcs
  6 endoplasms
  5 giant cockroaches
  5 hobgoblins
  5 jackals
  A quokka (D:3)
  8 ball pythons
  3 bats
  6 frilled lizards
  3 goblins
  20 kobolds
  8 rats
477 creatures vanquished.

Vanquished Creatures (others)
  30 fungi
  35 plants
  9 toadstools (Lair:5)
74 creatures vanquished.

Grand Total: 551 creatures vanquished

Notes
Turn   | Place    | Note
-------+----------+-------------------------------------------
     0 | D:1      | pkoi the Minotaur Gladiator began the quest for the Orb.
     0 | D:1      | Reached XP level 1. HP: 18/18 MP: 0/0
    93 | D:1      | Reached skill level 4 in Long Blades
   197 | D:1      | Reached XP level 2. HP: 22/25 MP: 1/1
   799 | D:1      | Reached skill level 5 in Long Blades
  1009 | D:2      | Reached XP level 3. HP: 24/30 MP: 2/2
  1200 | D:2      | Reached skill level 1 in Crossbows
  1453 | D:2      | Noticed Jessica
  1455 | D:2      | Killed Jessica
  1456 | D:2      | Reached XP level 4. HP: 37/37 MP: 3/3
  1905 | D:3      | Found a faded altar of an unknown god.
  1988 | D:3      | Noticed a phantom
  2002 | D:3      | Killed a phantom
  2003 | D:3      | Reached skill level 6 in Long Blades
  2003 | D:3      | Reached skill level 1 in Armour
  2003 | D:3      | Reached XP level 5. HP: 36/45 MP: 4/4
  3127 | D:4      | Found a sacrificial altar of Ru.
  3138 | D:4      | Reached XP level 6. HP: 44/51 MP: 5/5
  3140 | D:4      | Became a worshipper of Ru the Awakened
  3423 | D:4      | Found a shimmering blue altar of Sif Muna.
  3690 | D:4      | Found a staircase to the Ecumenical Temple.
  3697 | Temple   | Entered the Ecumenical Temple
  3769 | Temple   | Fell from the grace of Ru
  3769 | Temple   | Became a worshipper of Warmaster Okawaru
  3942 | D:4      | Reached skill level 7 in Long Blades
  3988 | D:5      | Entered Level 5 of the Dungeon
  4011 | D:5      | Reached XP level 7. HP: 47/60 MP: 6/6
  4099 | D:5      | Reached skill level 5 in Fighting
  4288 | D:5      | Found a shadowy altar of Dithmenos.
  4491 | D:5      | Reached * piety under Okawaru
  4509 | D:5      | Reached skill level 1 in Invocations
  4645 | D:5      | Reached skill level 5 in Armour
  4649 | D:5      | Found an ancient bone altar of Kikubaaqudgha.
  4711 | D:5      | Reached XP level 8. HP: 59/70 MP: 8/8
  4718 | D:5      | Reached skill level 8 in Long Blades
  5180 | D:5      | Reached ** piety under Okawaru
  5790 | D:6      | Identified a scroll of acquirement
  5790 | D:6      | Acquired a manual of Long Blades
  5803 | D:6      | Found Olyf's Hydra Hut.
  5855 | D:6      | Noticed a four-headed hydra
  6271 | D:6      | Reached skill level 9 in Long Blades
  6575 | D:7      | Reached *** piety under Okawaru
  6576 | D:7      | Reached XP level 9. HP: 66/79 MP: 11/11
  6585 | D:7      | Reached skill level 10 in Long Blades
  6879 | D:7      | Found a burning altar of Makhleb.
  6888 | D:7      | Found a stormy altar of Qazlal.
  7295 | D:7      | Paralysed by a hornet for 3 turns
  7304 | D:7      | Paralysed by a hornet for 3 turns
  7309 | D:7      | Paralysed by a hornet for 3 turns
  7762 | D:7      | Reached skill level 5 in Invocations
  8166 | D:8      | Reached skill level 11 in Long Blades
  8302 | D:8      | Reached **** piety under Okawaru
  8403 | D:8      | Reached XP level 10. HP: 70/90 MP: 13/13
  8696 | D:8      | Found a snail-covered altar of Cheibriados.
  9006 | D:9      | Found a basalt altar of Yredelemnul.
  9060 | D:9      | Acquired the amulet "Kagochy" {Spirit Dex+2 Stlth+}
  9073 | D:9      | Identified the +4 ring mail "Hydweef" {Stlth+}
  9322 | D:9      | Noticed a manticore
  9342 | D:9      | Reached skill level 5 in Crossbows
  9347 | D:9      | Killed a manticore
  9626 | D:9      | Reached ***** piety under Okawaru
  9726 | D:9      | Found a white marble altar of Elyvilon.
  9853 | D:9      | Received a gift from Okawaru
  9871 | D:10     | Entered Level 10 of the Dungeon
  9881 | D:10     | Found a staircase to the Orcish Mines.
  9881 | D:10     | Found Taskounou's Weapon Boutique.
  9881 | D:10     | Noticed a two-headed ogre
  9958 | D:9      | Killed a two-headed ogre
  9958 | D:9      | Received a gift from Okawaru
  9959 | D:9      | Reached skill level 12 in Long Blades
 10816 | D:10     | Received a gift from Okawaru
 11543 | D:10     | Reached skill level 5 in Dodging
 11714 | D:10     | Identified the +7 hand axe of Rideamih {vorpal, Drain rF+
                  | Will+}
 11951 | D:10     | Found a staircase to the Lair.
 12137 | D:6      | Bought a +2 great sword of flaming for 355 gold pieces
 12244 | Lair:1   | Entered Level 1 of the Lair of Beasts
 12274 | Lair:1   | Reached XP level 11. HP: 77/97 MP: 15/15
 12391 | Lair:1   | Noticed a five-headed hydra
 12400 | Lair:1   | Killed a four-headed hydra
 12758 | Lair:1   | Reached skill level 13 in Long Blades
 12930 | Lair:1   | Reached skill level 10 in Fighting
 13345 | Lair:2   | Reached skill level 10 in Armour
 13677 | Lair:2   | Found a staircase to the Snake Pit.
 13783 | Lair:2   | Received a gift from Okawaru
 13791 | Lair:2   | Reached skill level 14 in Long Blades
 14302 | Lair:3   | Reached XP level 12. HP: 101/108 MP: 16/16
 14374 | Lair:3   | Noticed a seven-headed hydra
 14388 | Lair:3   | Killed a three-headed hydra
 14704 | Lair:3   | Noticed Rupert
 14719 | Lair:3   | Killed Rupert
 14719 | Lair:3   | Received a gift from Okawaru
 15033 | Lair:3   | Received a gift from Okawaru
 15056 | Lair:3   | Reached skill level 15 in Long Blades
 15165 | Lair:3   | Received a gift from Okawaru
 15239 | Lair:3   | Noticed a six-headed hydra
 15281 | Lair:3   | Killed an 11-headed hydra
 15283 | Lair:3   | Received a gift from Okawaru
 15534 | Lair:3   | Noticed an eight-headed hydra
 15540 | Lair:3   | Killed a five-headed hydra
 15904 | Lair:3   | Identified the +0 pair of gloves of Bitterness {Dex+4}
                  | (Okawaru gifted it to you on level 3 of the Lair of Beasts)
 15904 | Lair:3   | Received a gift from Okawaru
 15929 | Lair:3   | Reached XP level 13. HP: 91/117 MP: 18/18
 16094 | Lair:3   | Found a staircase to the Swamp.
 16240 | Lair:4   | Reached ****** piety under Okawaru
 16912 | Lair:4   | Reached skill level 16 in Long Blades
 17594 | Lair:5   | Found a runed translucent gate.
 17597 | Lair:5   | Found a runed translucent gate.
 17598 | Lair:5   | Found a runed translucent gate.
 17599 | Lair:5   | Noticed Ypehuijo's ghost (journeyman OpFi)
 17636 | Lair:5   | Received a gift from Okawaru
 17656 | Lair:5   | Reached skill level 10 in Crossbows
 18187 | Lair:5   | Noticed a dire elephant
 18187 | Lair:5   | Noticed a dire elephant
 18253 | Lair:5   | Found a runed translucent door.
 18403 | Lair:5   | Received a gift from Okawaru
 18405 | Lair:5   | Found a staircase to the Slime Pits.
 18952 | Lair:6   | Entered Level 6 of the Lair of Beasts
 18963 | Lair:6   | Received a gift from Okawaru
 18991 | Lair:6   | Reached skill level 17 in Long Blades
 19013 | Lair:6   | Reached skill level 10 in Dodging
 19036 | Lair:6   | Reached XP level 14. HP: 101/127 MP: 14/19
 19038 | Lair:6   | Received a gift from Okawaru
 20010 | Lair:6   | Mangled by a komodo dragon

Illustrated notes

Levels and vault maps discovered:
D:1:      matt_arrival_spirals, layout_loops_ring, minmay_tetromino_o4
D:2:      layout_basic, uniq_jessica
D:3:      layout_loops_corners, shapermc_ecumenical_altar_mp_ritualfount,
          minmay_door_square
D:4:      layout_loops_corners, mainiacjoe_overflow_alcove_2, led_sif_book,
          minmay_temple_entry_enclosed_plants
D:5:      layout_loops_ring, lemuel_tele_altar,
          lemuel_mausoleum_altar_kikubaaqudgha
D:6:      layout_basic, doesnt_shop_hydraphobe
D:7:      layout_basic, grunt_temple_overflow_open
D:8:      layout_basic, slow_altar_2, amcnicky_mini_pool_small
D:9:      minmay_flawed_box, layout_cross, kennysheep_ying_yang
D:10:     layout_cave_pools, grunt_lair_entry_orc_guard_hut, orc_david_3,
          special_room [special_room_orc]
Temple:   dshaligram_water_room_temple
Lair:1:   layout_gridlike
Lair:2:   layout_cave_shapes, minmay_snake_entry_guardpost_medium, st_stairs_6
Lair:3:   hangedman_what_comes_after_a, layout_hall_layers,
          minmay_swamp_entry_reptiles, infiniplex_staircase_pool_2, uniq_rupert
Lair:4:   layout_cellular_growth, hangedman_lair_unloving_vines, minivault_26,
          serial_bayou_pond_d, grunt_megastairs_5, serial_bayou_shore_b
Lair:5:   gammafunk_lair_enchanted_lake, layout_gridlike,
          minmay_slime_entry_pillars, ebering_ghost_rock_garden
Lair:6:   evil_forest, layout_cave_pods, chequers_serial_rivers_micro_c,
          serial_bayou_lagoon_a, st_stairs_6, lemuel_fruit_tree

Skill      XL: |  1  2  3  4  5  6  7  8  9 10 11 12 13 14 |
---------------+-------------------------------------------+-----
Long Blades    | 4 5 6 7 9 11 12 14 15 17 | 17.6
Crossbows      | 2 4 6 7 9 10 11 | 11.0
Fighting       | 3 4 5 7 8 9 10 11 12 13 | 13.3
Armour         | 1 2 3 5 6 8 9 10 11 12 13 | 13.2
Invocations    | 1 4 5 6 7 8 9 |  9.0
Dodging        | 5 7 8 10 | 10.5
Throwing       | |  2.0

Action                   |  1- 3 |  4- 6 |  7- 9 | 10-12 | 13-15 || total
-------------------------+-------+-------+-------+-------+-------++-------
Melee: Long sword        |    69 |   112 |   104 |       |       ||   285
       Headbutt          |     9 |    28 |    53 |   106 |   128 ||   324
       Great sword       |       |       |   145 |   457 |   317 ||   919
 Fire: Triple crossbow   |       |     5 |     2 |    44 |    13 ||    64
Throw: Throwing net      |       |       |       |     1 |     1 ||     2
Invok: Heroism           |       |       |     2 |     8 |     8 ||    18
       Finesse           |       |       |       |     1 |     1 ||     2
Evoke: Wand              |       |       |     1 |       |       ||     1
  Use: Scroll            |     2 |       |     8 |    15 |     2 ||    27
       Potion            |     1 |       |     2 |       |       ||     3
 Stab: Distracted        |       |       |       |     1 |       ||     1
Armor: Leather armour    |    12 |       |       |       |       ||    12
       Plate armour      |    32 |    61 |   169 |   276 |   226 ||   764
       Ring mail         |       |       |       |    32 |       ||    32
Dodge: Dodged            |    34 |    37 |    90 |   257 |   242 ||   660
       Rpst.: Long sword |     4 |     9 |    11 |       |       ||    24
       Great sword       |       |       |    16 |    58 |    52 ||   126
